AoeStats
← PATO BULLRICH

Nomad

508756423Analyzed
2v2 RM · 7d ago on Sep 23, 2026· 24m 12s· 4 players
Game mode
Random Map
Map size
176×176
Population
200
Speed
Normal
Resources
Standard
Victory
Conquest
Starting age
Dark Age
Ending age
Imperial Age
RankedLock teamsTeams togetherTeam positionsShared explorationLock speedFull tech treeHidden civsTurbo modeCheats
Victory
Defeat
🇨🇦 Danes · Canada
1177
+13
🇦🇷 Maya · Argentina
1140
+14
🇺🇸 Danes · United States
1108
-14
🇺🇸 Saxons · United States
1092
-13
oh...it's...ken..
11:41 Loom
13:52 Feudal Age
15:09 Fishing Lines
19:58 Castle Age
17:41 Horse Collar
17:49 Double-Bit Axe
17:57 Arson
18:31 Forging
19:49 Gold Mining
20:53 Squires
20:39 Gambesons
21:33 Iron Casting
22:09 Scale Mail Armor
22:42 Gillnets
23:53 Chain Mail Armor
Clueless Clown
11:15 Loom
13:35 Feudal Age
14:20 Double-Bit Axe
15:26 Fletching
20:34 Castle Age
18:36 Fishing Lines
22:33 Bodkin Arrow
Whitebear
2:50 Loom
4:51 Loom
13:04 Feudal Age
13:46 Double-Bit Axe
13:54 Fishing Lines
15:31 Town Watch
18:43 Castle Age
17:23 Gold Mining
19:03 Scale Mail Armor
19:14 Stone Mining
19:56 Bow Saw
20:12 Chain Mail Armor
21:03 Forging
20:42 Horse Collar
21:50 Stone Shaft Mining
22:37 Iron Casting
23:59 Wheelbarrow
23:39 Gambesons
23:55 Squires
24:19 Arson
PATO BULLRICH
4:55 Loom
13:07 Feudal Age
14:04 Double-Bit Axe
18:17 Castle Age
16:54 Stone Mining
17:20 Fletching
17:24 Fishing Lines
19:20 Bodkin Arrow
Connection lost

Rejoining the realm…

Still unreachable

The connection could not be restored.

Session expired

The server has moved on; the page needs a fresh start.